 Dungeon Crawl Stone Soup version 0.19-a0-944-gb338e1e (webtiles) character file.

144346 Geppetto the Tortoise (level 17, -1/166 HPs)
             Began as a Tengu Fighter on July 8, 2016.
             Was the Champion of Trog.
             Succumbed to a naga warrior's splash of poison
             ... on level 4 of the Snake Pit.
             The game lasted 01:58:10 (28875 turns).

Geppetto the Tortoise (Tengu Fighter)              Turns: 28875, Time: 01:58:12

Health: -1/166     AC: 34    Str: 30    XL:     17   Next: 39%
Magic:  18/18      EV: 22    Int: 15    God:    Trog [******]
Gold:   293        SH: 16    Dex: 18    Spells: 0 memorised, 16 levels left

rFire  + + .     SeeInvis .     M - +4 scimitar (flame)
rCold  . . .     Gourm    .     Z - +8 storm dragon armour of Levity {rElec Str+4}
rNeg   . . .     Faith    .     c - +1 shield
rPois  .         Spirit   .     (helmet restricted)
rElec  +         Dismiss  .     g - +2 cloak
rCorr  .         Reflect  .     y - +2 pair of gloves
SustAt .         Harm     .     (boots unavailable)
MR     +....                    a - amulet of regeneration
Stlth  ..........               U - +4 ring of slaying
                                b - ring "Vimiex" {rPois rF++ Int+4}

@: berserking, lethally poisoned (-1 -> -33), poison vulnerable, flying quickly
and evasively, slowed, quick, somewhat resistant to hostile enchantments,
extremely unstealthy
A: beak, horns 1, talons 3, slimy green scales 1, strong 2, able to fly 2
a: Stop Flying, Berserk, Trog's Hand, Brothers in Arms, Burn Spellbooks,
Renounce Religion


You were on level 4 of the Snake Pit.
You worshipped Trog.
Trog was exalted by your worship.
You were hungry.

You visited 4 branches of the dungeon, and saw 24 of its levels.
You also visited: Labyrinth, Ossuary and Volcano.

You collected 2305 gold pieces.
You spent 2012 gold pieces at shops.

Inventory:

Hand Weapons
 M - a +4 scimitar of flaming (weapon)
 X - a +3 antimagic scimitar
Missiles
 F - a throwing net (quivered)
Armour
 c - a +1 shield (worn)
 g - a +2 cloak (worn)
 y - a +2 pair of gloves (worn)
 J - a +0 large shield of protection
 Z - the +8 storm dragon armour of Levity (worn) {rElec Str+4}
   (You took it off a minotaur in a labyrinth)

   It affects your strength (+4).
   It insulates you from electricity.
Rods
 s - a +5 rod of inaccuracy (11/11)
   (You took it off a minotaur in a labyrinth)
Jewellery
 a - an amulet of regeneration (around neck)
 b - the ring "Vimiex" (left hand) {rPois rF++ Int+4}
   (You bought it in a shop on level 2 of the Orcish Mines)

   [ring of poison resistance]

   It affects your intelligence (+4).
   It greatly protects you from fire.
   It protects you from poison.
 k - an uncursed ring of sustain attributes
 l - an uncursed ring of protection from magic
 m - a +4 ring of dexterity
 t - a +2 amulet of reflection
 u - a +3 ring of protection
 B - a +3 ring of strength
 H - a +2 amulet of reflection
 Q - the ring "Fadic" {+Inv rElec rPois}
   (You bought it in a shop on level 4 of the Dungeon)

   [ring of poison resistance]

   It insulates you from electricity.
   It protects you from poison.
   It lets you turn invisible.
 R - an uncursed ring of resist corrosion
 U - a +4 ring of slaying (right hand)
Wands
 N - a wand of disintegration (5/24)
Scrolls
 h - 7 scrolls of teleportation
 o - 6 scrolls of fear
 x - 12 scrolls of remove curse
 A - 2 scrolls of fog
 C - 2 scrolls of blinking
 K - 3 scrolls of recharging
 L - 2 scrolls of summoning
 O - 4 scrolls of enchant weapon
 W - 2 scrolls of magic mapping
Potions
 d - 2 potions of might
 e - 7 potions of heal wounds
 i - 4 potions of lignification
 j - 12 potions of curing
 n - 3 potions of haste
 p - 2 potions of cancellation
 q - 6 potions of mutation
 v - 3 potions of invisibility
 z - 3 potions of agility
 D - 2 potions of magic
 P - 3 potions of resistance
 S - a potion of ambrosia
 Y - 2 potions of cure mutation
Comestibles
 f - 15 bread rations
 r - 8 meat rations
 w - 9 fruits
 E - 10 beef jerkies
 G - 3 slices of pizza
 V - 2 royal jellies


   Skills:
 + Level 14.1 Fighting
 - Level 14.5 Long Blades
 * Level 15.5 Armour
 - Level 13.4 Dodging
 - Level 15.0 Shields


You had 16 spell levels left.
You didn't know any spells.

Dungeon Overview and Level Annotations

Branches:
Dungeon (12/15)            Temple (0/1) D:6            Lair (6/6) D:10
 Shoals (0/4) Lair:2        Snake (4/4) Lair:3        Slime (0/5) Lair:5
    Orc (2/2) D:12            Elf (0/3) Orc:2

Altars:
Ashenzari
Elyvilon
Fedhas
Gozag
Hepliaklqana
Makhleb
Nemelex Xobeh
Okawaru
Pakellas
Ru
Sif Muna
Trog
Vehumet
The Shining One
Beogh
Jiyva

Shops:
D:4 =   D:6 *   Orc:2 [[(=   Snake:3 !


Innate Abilities, Weirdness & Mutations

You have a beak for a mouth.
You have claws for feet.
You can fly continuously.
You have a pair of small horns on your head.
You are partially covered in slimy green scales. (AC +2)
Your muscles are very strong. (Str +4)


Message History

You claw the greater naga, but do no damage.
You peck the greater naga!
The greater naga is almost dead.
* * * LOW HITPOINT WARNING * * *
You feel very sick. You block the black mamba's attack.
The guardian serpent completely misses you.
The guardian serpent casts a spell.
The black mamba closely misses you. The naga warrior completely misses you.
You riposte.
You slash the naga warrior! You burn the naga warrior.
You claw the naga warrior. You peck the naga warrior!
The naga warrior is moderately wounded.
The naga warrior closely misses you.
The greater naga hits you but does no damage.
The greater naga grabs you. The greater naga constricts you.
You slash the greater naga! You burn the greater naga.
You kill the greater naga!
Trog accepts your kill.
Trog appreciates your killing of a magic user.
You die...

.# #. ...#+#+#
.. .........
.#...#N # .#
S.... #..
...###...###.N..
......#)#.......
.....NN@S.......
......NSN.......
.##...NNN...#.##
####)))#.##
#...### ##.##
..# ###


You could see a naga warrior, a naga ritualist, 2 guardian serpents, a black
mamba, 2 naga magi and 5 nagas.

Vanquished Creatures
  Rupert (D:12)
  Asterion (Snake:1)
  5 greater nagas
  Maud (Lair:4)
  Aizul (Snake:1)
  3 orc warlords
  2 stone giants
  The ghost of retryentry the Fencer, a journeyman DrFi of Okawaru (Lair:6)
  The ghost of retryentry the Fencer, a journeyman DrFi of Okawaru (Orc:1)
  The ghost of zero the Impaler, a journeyman MiBe of Trog (Lair:4)
  Snorg (Lair:3)
  Fannar (Lair:1)
  A minotaur (Lab)
  5 hydras
  10 naga warriors
  A catoblepas (Lair:4)
  14 anacondas
  Erica (D:9)
  A tengu warrior (D:12)
  8 naga sharpshooters
  6 shock serpents
  Sonja (D:12)
  5 orc high priests
  A salamander mystic (Snake:2)
  2 unseen horrors (D:12)
  5 naga ritualists
  A hill giant (D:8)
  Pikel (D:6)
  5 orc knights (Orc:2)
  3 ugly things
  A deep elf mage (D:12)
  9 mana vipers
  4 orc sorcerers
  An oklob plant (Snake:1)
  3 cyclopes
  A wolf spider (Lair:6)
  2 hornets (Lair:6)
  A manticore (D:12)
  Maurice (Orc:1)
  34 black mambas
  4 elephants (Lair:6)
  7 salamanders
  7 naga magi
  20 spiny frogs
  3 guardian serpents (Snake:4)
  5 gargoyles
  3 molten gargoyles
  A centaur skeleton (D:10)
  8 komodo dragons
  3 rime drakes (Lair:4)
  4 kobold demonologists
  A tengu conjurer (D:12)
  5 trolls
  2 two-headed ogres
  A polar bear (Lair:4)
  15 blink frogs
  A boulder beetle (Lair:6)
  A snapping turtle (Lair:2)
  2 shadows
  9 redbacks
  A wraith (D:10)
  A vampire (D:12)
  5 wyverns (Lair:6)
  A basilisk (Lair:6)
  29 yaks
  3 fire bats (Lair:6)
  6 hungry ghosts
  A steam dragon (D:12)
  24 nagas
  7 hippogriffs
  9 wargs
  14 soldier ants (Lair:2)
  14 water moccasins
  10 porcupines
  Duvessa (D:4)
  3 black bears
  39 orc warriors
  2 ice beasts
  5 sky beasts
  3 necrophages
  23 ogres
  4 wasps (Lair:6)
  4 phantoms
  17 wolves
  5 centaurs
  18 crocodiles
  3 big kobolds
  A wyvern zombie (D:8)
  16 giant frogs
  Dowan (D:4)
  10 scorpions
  4 killer bees (D:10)
  2 electric eels
  7 lava snakes
  6 howler monkeys
  8 crimson imps
  3 giant frog zombies
  4 centaur zombies
  5 hounds
  2 jellies
  30 orc priests
  A giant frog skeleton (D:4)
  2 gnoll shamans (D:4)
  A human zombie (Ossuary)
  Jessica (D:3)
  Natasha (thrice) (D:4)
  5 iguanas
  30 orc wizards
  22 worker ants
  4 big kobold zombies (Ossuary)
  16 sheep
  A hound zombie (D:7)
  2 mummies (Ossuary)
  A worker ant zombie (D:9)
  7 gnolls (D:4)
  15 adders
  79 river rats
  A scorpion zombie (Ossuary)
  5 shadow imps
  2 adder zombies
  3 adder skeletons
  A worm (D:3)
  2 dart slugs
  5 giant geckos
  121 orcs
  2 ball pythons (D:1)
  7 giant cockroaches
  3 gnoll zombies (Ossuary)
  6 hobgoblins
  15 jackals
  14 kobolds
  4 quokkas
  9 bats
  A giant gecko skeleton (D:3)
  A giant gecko zombie (D:7)
  5 giant newts
  6 goblins
  A goblin zombie (Ossuary)
  3 hobgoblin zombies (Ossuary)
  A jackal skeleton (D:7)
  2 kobold zombies (Ossuary)
  An orc zombie (Ossuary)
  10 rats
  A bush (D:6)
  A fire vortex (Volcano)
  A fungus (Lair:6)
  A plant (Lair:6)
1025 creatures vanquished.

Vanquished Creatures (collateral kills)
  A queen ant (Lair:2)
  6 soldier ants (Lair:2)
  3 worker ants (Lair:2)
10 creatures vanquished.

Vanquished Creatures (others)
  A phantom (D:6)
  2 slaves (D:6)
  2 scorpions (Ossuary)
  A wight (D:6)
  A mummy (Ossuary)
  A gnoll zombie (Ossuary)
  2 kobold zombies (Ossuary)
  12 fungi
  2 plants
24 creatures vanquished.

Grand Total: 1059 creatures vanquished

Notes
Turn   | Place    | Note
-------+----------+-------------------------------------------
     0 | D:1      | Geppetto the Tengu Fighter began the quest for the Orb.
     0 | D:1      | Reached XP level 1. HP: 14/14 MP: 2/2
   200 | D:1      | Reached XP level 2. HP: 19/19 MP: 3/3
   867 | D:2      | Reached XP level 3. HP: 23/23 MP: 4/4
  1776 | D:3      | Reached XP level 4. HP: 22/28 MP: 5/5
  1953 | D:3      | Noticed Jessica
  1965 | D:3      | Killed Jessica
  1980 | D:3      | Gained mutation: Your muscles are strong. (Str +2) [potion of mutation]
  1980 | D:3      | Gained mutation: You have a pair of small horns on your head. [potion of mutation]
  1980 | D:3      | Gained mutation: Your muscles are very strong. (Str +4) [potion of mutation]
  2208 | D:4      | Gained mutation: You can fly. [Tengu growth]
  2208 | D:4      | Reached XP level 5. HP: 33/33 MP: 6/6
  2298 | D:4      | Found Xerhin's Jewellery Shop.
  2309 | D:4      | Noticed Natasha
  2313 | D:4      | Killed Natasha
  2373 | D:4      | Found a white marble altar of Elyvilon.
  2374 | D:4      | Found a sacrificial altar of Ru.
  2397 | D:4      | Found a bloodstained altar of Trog.
  2403 | D:4      | Became a worshipper of Trog the Wrathful
  2458 | D:4      | Noticed Dowan
  2481 | D:4      | Noticed Duvessa
  2503 | D:4      | Killed Duvessa
  2503 | D:4      | Reached skill level 5 in Long Blades
  2503 | D:4      | Reached XP level 6. HP: 32/38 MP: 7/7
  2509 | D:4      | Killed Dowan
  2605 | D:4      | Found a sand-covered staircase.
  2611 | Ossuary  | Entered an ossuary
  2682 | Ossuary  | Reached XP level 7. HP: 44/44 MP: 8/8
  3044 | Ossuary  | Reached skill level 5 in Shields
  3071 | Ossuary  | Reached skill level 5 in Fighting
  3322 | Ossuary  | Reached XP level 8. HP: 47/49 MP: 9/9
  3478 | D:4      | Noticed Natasha
  3483 | D:4      | Killed Natasha
  3511 | D:4      | Noticed Natasha
  3517 | D:4      | Killed Natasha
  3524 | D:4      | Reached * piety under Trog
  3784 | D:5      | Entered Level 5 of the Dungeon
  3992 | D:5      | Found a radiant altar of Vehumet.
  4603 | D:5      | Reached XP level 9. HP: 56/56 MP: 10/10
  4893 | D:6      | Reached ** piety under Trog
  4901 | D:6      | Found a staircase to the Ecumenical Temple.
  4946 | D:6      | Found an oddly glowing altar of Pakellas.
  4986 | D:6      | Found Gian's General Store.
  5130 | D:6      | Noticed Pikel
  5157 | D:6      | Killed Pikel
  5335 | D:6      | Reached skill level 10 in Long Blades
  5336 | D:6      | Found a blossoming altar of Fedhas.
  5682 | D:7      | Found a shattered altar of Ashenzari.
  6067 | D:7      | Reached *** piety under Trog
  6402 | D:7      | Reached XP level 10. HP: 53/63 MP: 11/11
  6656 | D:8      | Noticed a kobold demonologist
  6664 | D:8      | Killed a kobold demonologist
  7027 | D:8      | Noticed a hill giant
  7034 | D:8      | Killed a hill giant
  7416 | D:8      | Found an iron altar of Okawaru.
  7737 | D:9      | Noticed Erica
  7753 | D:9      | Killed Erica
  7869 | D:9      | Reached **** piety under Trog
  7934 | D:9      | Reached XP level 11. HP: 65/69 MP: 12/12
  8182 | D:9      | Found a bloodstained altar of Trog.
  8193 | D:9      | Found a hazy altar of Hepliaklqana.
  8204 | D:9      | Found a deep blue altar of Sif Muna.
  8205 | D:9      | Found an opulent altar of Gozag.
  8206 | D:9      | Found a glowing golden altar of the Shining One.
  8245 | D:10     | Entered Level 10 of the Dungeon
  8643 | D:10     | Found a staircase to the Lair.
  9707 | D:11     | Gained mutation: You are partially covered in slimy green scales. (AC +2) [potion of beneficial mutation]
  9840 | D:11     | Noticed a white ugly thing
  9850 | D:11     | Killed a white ugly thing
 10103 | D:11     | Noticed a purple ugly thing
 10111 | D:11     | Killed a purple ugly thing
 10895 | D:7      | You fall through a shaft for 3 floors!
 11071 | D:4      | Bought the ring "Fadic" {+Inv rElec rPois} for 492 gold pieces
 11226 | Lair:1   | Entered Level 1 of the Lair of Beasts
 11598 | Lair:1   | Noticed Fannar
 11618 | Lair:1   | Killed Fannar
 11618 | Lair:1   | Reached skill level 10 in Fighting
 11618 | Lair:1   | Reached skill level 10 in Shields
 11618 | Lair:1   | Reached XP level 12. HP: 76/76 MP: 13/13
 11810 | Lair:1   | Noticed a five-headed hydra
 11816 | Lair:1   | Killed a three-headed hydra
 12096 | Lair:1   | Reached ***** piety under Trog
 12295 | Lair:2   | Noticed a four-headed hydra
 12299 | Lair:2   | Killed a one-headed hydra
 12672 | Lair:2   | Received a gift from Trog
 12673 | Lair:2   | Got a scorched halberd {god gift}
 12771 | Lair:2   | Reached skill level 5 in Dodging
 13136 | Lair:2   | Found a staircase to the Shoals.
 13721 | Lair:2   | Noticed a queen ant
 13743 | Lair:2   | Killed a queen ant
 13917 | Lair:2   | Reached XP level 13. HP: 81/81 MP: 14/14
 14075 | Lair:3   | Received a gift from Trog
 14152 | Lair:3   | Noticed Snorg
 14166 | Lair:3   | Killed Snorg
 14414 | Lair:3   | Found a staircase to the Snake Pit.
 14615 | Lair:3   | Reached skill level 10 in Dodging
 15171 | Lair:4   | Received a gift from Trog
 15240 | Lair:4   | Noticed Maud
 15249 | Lair:4   | Killed Maud
 15249 | Lair:4   | Reached skill level 5 in Armour
 15420 | Lair:4   | Found a dark tunnel.
 15428 | Volcano  | Entered a volcano
 15858 | Lair:4   | Noticed zero's ghost (journeyman MiBe)
 15868 | Lair:4   | Killed zero's ghost
 16451 | Lair:5   | Found a labyrinth entrance.
 16460 | Lab      | Entered a labyrinth
 16820 | Lab      | Gained mutation: You can fly continuously. [Tengu growth]
 16820 | Lab      | Reached XP level 14. HP: 87/87 MP: 15/15
 16976 | Lab      | Got a pitted storm dragon armour
 16988 | Lab      | Identified the +8 storm dragon armour of Levity {rElec Str+4} (You took it off a minotaur in a labyrinth)
 17028 | Lab      | Got a fine plate armour
 17041 | Lair:5   | Identified the +8 plate armour of Dramatic Exits {rC- Dex+2 SInv} (You found it in a labyrinth)
 17411 | Lair:5   | Found a staircase to the Slime Pits.
 17414 | Lair:5   | Found a viscous altar of Jiyva.
 17431 | Lair:5   | Received a gift from Trog
 18062 | Lair:6   | Entered Level 6 of the Lair of Beasts
 18130 | Lair:6   | Reached ****** piety under Trog
 18130 | Lair:6   | Reached skill level 10 in Armour
 18242 | Lair:6   | Received a gift from Trog
 18351 | Lair:6   | Noticed retryentry's ghost (journeyman DrFi)
 18374 | Lair:6   | Killed retryentry's ghost
 19787 | D:12     | Noticed Sonja
 19812 | D:12     | Killed Sonja
 20186 | D:12     | Found a staircase to the Orcish Mines.
 20400 | D:12     | Noticed Rupert
 20423 | D:12     | Killed Rupert
 20423 | D:12     | Reached XP level 15. HP: 33/93 MP: 16/16
 20910 | Orc:1    | Entered Level 1 of the Orcish Mines
 20923 | Orc:1    | Received a gift from Trog
 20928 | Orc:1    | Noticed an orc warlord
 20983 | Orc:1    | Killed an orc warlord
 21099 | Orc:1    | Noticed Maurice
 21111 | Orc:1    | Killed Maurice
 21150 | Orc:1    | Received a gift from Trog
 21312 | Orc:1    | Noticed retryentry's ghost (journeyman DrFi)
 21375 | Orc:1    | Killed retryentry's ghost
 21674 | Orc:1    | Found a burning altar of Makhleb.
 21840 | Orc:2    | Entered Level 2 of the Orcish Mines
 21843 | Orc:2    | Reached skill level 15 in Shields
 22161 | Orc:2    | Found Ytrutul's Jewellery Boutique.
 22222 | Orc:2    | Found a roughly hewn altar of Beogh.
 22227 | Orc:2    | Received a gift from Trog
 22317 | Orc:2    | Found Ranecoh's Antique Weapon Shop.
 22723 | Orc:2    | Noticed an orc warlord
 22739 | Orc:1    | Killed an orc warlord
 23241 | Orc:2    | Received a gift from Trog
 23285 | Orc:2    | Found a staircase to the Elven Halls.
 23462 | Orc:2    | Noticed an orc warlord
 23496 | Orc:2    | Killed an orc warlord
 24036 | Orc:2    | Found a roughly hewn altar of Beogh.
 24055 | Orc:2    | Found Xaakucza's Armour Boutique.
 24145 | Orc:2    | Found Ytixacesh's Armour Shop.
 24152 | Orc:2    | Bought a +2 cloak for 231 gold pieces
 24205 | Orc:2    | Received a gift from Trog
 24367 | Orc:2    | Bought the ring "Vimiex" {rPois rF++ Int+4} for 793 gold pieces
 24558 | Snake:1  | Entered Level 1 of the Snake Pit
 24601 | Snake:1  | Reached XP level 16. HP: 78/101 MP: 17/17
 24728 | Snake:1  | Noticed Asterion
 24742 | Snake:1  | Killed Asterion
 24894 | Snake:1  | Found a white marble altar of Elyvilon.
 25103 | Snake:1  | Noticed Aizul
 25118 | Snake:1  | Killed Aizul
 25720 | Snake:1  | Received a gift from Trog
 25750 | Snake:1  | Found a sparkling altar of Nemelex Xobeh.
 26693 | Snake:2  | Noticed a greater naga
 26701 | Snake:2  | Killed a greater naga
 26798 | Snake:2  | Received a gift from Trog
 27919 | Snake:3  | Reached XP level 17. HP: 92/109 MP: 18/18
 28046 | Snake:3  | Found Uridief's Distillery.
 28069 | Snake:3  | Bought a potion of heal wounds for 80 gold pieces
 28069 | Snake:3  | Bought 2 potions of resistance for 320 gold pieces
 28069 | Snake:3  | Bought a potion of curing for 48 gold pieces
 28069 | Snake:3  | Bought a potion of curing for 48 gold pieces
 28838 | Snake:4  | Entered Level 4 of the Snake Pit
 28845 | Snake:4  | Reached skill level 15 in Armour
 28854 | Snake:4  | Received a gift from Trog
 28873 | Snake:4  | HP: 6/166 [poisoned by a naga mage (splash of poison)]
 28874 | Snake:4  | HP: 2/166 [poisoned by a naga warrior (splash of poison)]
 28875 | Snake:4  | Succumbed to a naga warrior's splash of poison

Vault maps used:
D:1:      minmay_arrival_split_and_join
D:3:      kennysheep_jessica_study
D:4:      grunt_temple_overflow_open, nicolae_ossuary_entry_plus, serial_shops,
          nicolae_shop_trees, bloody_trog, uniq_natasha, uniq_duvessa
D:5:      old_standard_altar, first_bread
D:6:      basic_altar, serial_shops, shop, fedhas_bush_and_centaur_altar,
          uniq_pikel
D:7:      kennysheep_little_box, grunt_ogre_cave
D:8:      kennysheep_okawaru_gauntlet
D:9:      minitemple, uniq_erica
D:10:     due_lair_maze_entry_diamond
D:11:     kennysheep_nondescript, minivault_1, hangedman_abyss_or_decor_clamps
D:12:     minmay_orc_entry_guard_dogs, mrwooster_statue_mirror, uniq_rupert,
          uniq_sonja
Lair:1:   uniq_fannar
Lair:2:   minmay_shoals_entry_hut, minivault_29, lemuel_fruit_tree
Lair:3:   guppyfry_snake_entry_island, infiniplex_staircase_pool,
          grunt_megastairs_1, uniq_snorg
Lair:4:   gammafunk_lair_bear_cave, portal_ice_cave_rime,
          lightli_volcano_entry_magma_tube, uniq_maud
Lair:5:   cheibrodos_magma_flow, slime_altar_1, lab_entry_generic
Lair:6:   hangedman_lair_tendril_chambers, st_stairs_8
Snake:1:  basic_altar, grunt_ministairs_6, lemuel_oklob_altar, uniq_asterion,
          uniq_aizul
Snake:2:  serial_bayou_pond_c, spider_trap, grunt_ministairs_3,
          nicolae_coiled_stairwell_down
Snake:3:  serial_shops, shop
Snake:4:  snake_hunt, grunt_ministairs_3, serial_bayou_shore_b, uniq_vashnia
Orc:1:    basic_altar, mines2_lemuel, uniq_maurice
Orc:2:    pubby_orc_utopia
Lab:      labyrinth_watery, nicolae_lab_checkerboard, labyrinth_glass_1,
          labyrinth_skeletal_remains, lab_fountain, lab_statue,
          nicolae_lab_do_over
Ossuary:  ossuary_minmay_scorpions
Volcano:  volcano_aerie

Skill      XL: |  1  2  3  4  5  6  7  8  9 10 11 12 13 14 15 16 17 |
---------------+----------------------------------------------------+-----
Long Blades    | 3 4 5 7 8 10 12 14 | 14.5
Shields        | 4 5 6 7 8 10 11 12 14 15 | 15.0
Fighting       | 4 5 6 7 8 10 12 13 14 | 14.1
Dodging        | 8 10 12 13 | 13.4
Armour         | 8 12 14 15 | 15.5

Action                   |  1- 3 |  4- 6 |  7- 9 | 10-12 | 13-15 | 16-18 || total
-------------------------+-------+-------+-------+-------+-------+-------++-------
Melee: Long sword        |   111 |   114 |   355 |   115 |       |       ||   695
       Peck              |    19 |    17 |    93 |   149 |   284 |   145 ||   707
       Kick              |    23 |    37 |   157 |   263 |   486 |   221 ||  1187
       Headbutt          |       |    22 |    90 |   151 |   315 |   132 ||   710
       Scimitar          |       |       |       |   561 |  1195 |   489 ||  2245
Invok: Berserk           |       |       |     3 |    14 |    22 |     5 ||    44
       Burn Spellbooks   |       |       |     1 |     3 |     1 |       ||     5
       Brothers in Arms  |       |       |       |     2 |       |     1 ||     3
       Trog's Hand       |       |       |       |       |     4 |       ||     4
 Abil: Fly               |       |       |       |       |     1 |       ||     1
  Use: Scroll            |    12 |     1 |    12 |     4 |     5 |     4 ||    38
       Potion            |       |     1 |     1 |     3 |     5 |       ||    10
 Stab: Distracted        |       |       |       |       |       |     1 ||     1
  Eat: Chunk             |     3 |     3 |    14 |    42 |    44 |     8 ||   114
       Pizza             |       |       |     1 |       |     4 |       ||     5
       Meat ration       |       |       |       |       |     1 |       ||     1
       Fruit             |       |       |       |       |     3 |     6 ||     9
       Bread ration      |       |       |       |       |       |     1 ||     1
       Beef jerky        |       |       |       |       |       |     1 ||     1
Armor: Scale mail        |    42 |    44 |    91 |   109 |    25 |       ||   311
       Skin              |       |       |       |    21 |       |       ||    21
       Plate armour      |       |       |       |     6 |       |       ||     6
       Storm dragon armo |       |       |       |       |   128 |    95 ||   223
Dodge: Dodged            |    20 |    32 |    44 |   107 |   295 |   206 ||   704
Block: Shield            |    52 |    39 |   124 |   295 |   488 |   257 ||  1255
